 Dungeon Crawl Stone Soup version 0.27-a0-1147-gb3d8e82157 (webtiles) character file.

Game seed: 1753799617265690823

242 shoop the Chucker (level 6, -5/68 HPs)
             Began as an Ogre Hunter on May 11, 2021.
             Was a Believer of Ashenzari.
             Killed from afar by Ijyb (8 damage)
             ... with a puff of flame
             ... on level 4 of the Dungeon.
             The game lasted 00:06:58 (3732 turns).

shoop the Chucker (Ogre Hunter)                     Turns: 3732, Time: 00:06:58

Health: -5/68      AC:  4    Str: 19    XL:     6   Next: 9%
Magic:  6/6        EV:  9    Int: 12    God:    Ashenzari [**....]
Gold:   80         SH:  0    Dex:  9    Spells: 5/5 levels left

rFire    . . .     SeeInvis +   f - +4 dagger of Star-Bound Wisdom {Range, Fort} (curse)
rCold    . . .     Faith    .   (no shield)
rNeg     . . .     Spirit   .   b - +0 robe "Foul Odors of Ashenzari" {Self, Comp} (curse)
rPois    .         Reflect  .   (helmet restricted)
rElec    .         Harm     .   i - +0 cloak of Toth-Mos's Legacy {Fort, Evo} (curse)
rCorr    .         Rampage  .   (gloves unavailable)
Will     .....                  (boots unavailable)
Stlth    +.........             (no amulet)
HPRegen  0.21/turn              (no ring)
MPRegen  0.10/turn              (no ring)

@: no status effects
A: large, unfitting armour, tough skin 1
a: Renounce Religion, Curse Item, Shatter the Chains


You were on level 4 of the Dungeon.
You worshipped Ashenzari.
Ashenzari was pleased with you.
You visited 1 branch of the dungeon, and saw 4 of its levels.

You collected 138 gold pieces.
You spent 58 gold pieces at shops.

Inventory:

Hand Weapons
 a - a +0 short sword
 f - the cursed +4 dagger of Star-Bound Wisdom (weapon) {Range, Fort}
   (You found it on level 1 of the Dungeon)

   It has a curse which improves the following skills: Ranged Combat: Slings,
   Bows, Crossbows and Throwing.
   Fortitude: Armour and Shields.
Missiles
 c - a large rock (quivered)
 e - 8 boomerangs
Armour
 b - the cursed +0 robe "Foul Odors of Ashenzari" (worn) {Self, Comp}

   It has a curse which improves the following skills: Introspection: Fighting
   and Spellcasting.
   Companions: Summonings and Necromancy.
 i - the cursed +0 cloak of Toth-Mos's Legacy (worn) {Fort, Evo}
   (You bought it in a shop on level 3 of the Dungeon)

   It has a curse which improves the following skills: Fortitude: Armour and
   Shields.
   Evocations: Evocations.
Scrolls
 g - 2 scrolls of teleportation
Potions
 h - a potion of berserk rage
 j - 2 potions of might


   Skills:
 + Level 5.1(6.5) Fighting
 * Level 6.3(7.8) Throwing
 - Level 1.7 Dodging
 - Level 0.6 Stealth


You had 5 spell levels left.
You didn't know any spells.
Your spell library contained the following spells:

 Spells                   Type           Power      Damage    Failure   Level
 Magic Dart               Conj           0%         1d3       32%         1
 Searing Ray              Conj           0%         3d3       45%         2
 Dazzling Flash           Conj/Hex       0%         N/A       69%         3
 Fulminant Prism          Conj/Hex       0%         3d6       97%         4
 Iskenderun's Mystic Bla  Conj/Tloc      0%         2d3       97%         4


Dungeon Overview and Level Annotations

Branches:
Dungeon (4/15)
 Temple: D:4-7

Altars:
Ashenzari

Shops:
D:2 [   D:3 [   D:4 =

Annotations:
D:2 Terence
D:4 Ijyb


Innate Abilities, Weirdness & Mutations

You are too large for most types of armour.
You have tough skin. (AC +1)


Message History

Ijyb is severely wounded.
Ijyb zaps a wand.
The puff of flame hits you!
You hit Ijyb but do no damage.
Ijyb is severely wounded.
Ijyb zaps a wand.
The puff of flame hits you!
* * * LOW HITPOINT WARNING * * *
Throw: 4 large rocks
Press: ? - help, Q - select action, (/) - cycle Shift-Dir - straight line, f/p - Ijyb
Aim: Ijyb, wielding a +0 dagger, wearing a +3 leather armour of poison resistance and carrying a wand of flame (7) (severely wounded, 55% to hit)
You throw a large rock. The large rock closely misses Ijyb.
Ijyb zaps a wand.
The puff of flame hits you!
* * * LOW HITPOINT WARNING * * *
Ijyb hits you with a +0 dagger.
* * * LOW HITPOINT WARNING * * *
Throw: 2 throwing nets
Press: ? - help, Q - select action, (/) - cycle Shift-Dir - straight line, f/p - Ijyb
Aim: Ijyb, wielding a +0 dagger, wearing a +3 leather armour of poison resistance and carrying a wand of flame (6) (severely wounded, 55% to hit)
You throw a throwing net. The throwing net barely misses Ijyb.
Throw: throwing net
Press: ? - help, Q - select action, (/) - cycle Shift-Dir - straight line, f/p - Ijyb
Aim: Ijyb, wielding a +0 dagger, wearing a +3 leather armour of poison resistance and carrying a wand of flame (6) (severely wounded, 55% to hit)
You throw a throwing net. The throwing net barely misses Ijyb.
Ijyb closely misses you.
You aren't carrying any items that you can evoke.
Throw: 3 large rocks
Press: ? - help, Q - select action, (/) - cycle Shift-Dir - straight line, f/p - Ijyb
Aim: Ijyb, wielding a +0 dagger, wearing a +3 leather armour of poison resistance and carrying a wand of flame (6) (severely wounded, 55% to hit)
You throw a large rock. The large rock hits Ijyb.
Ijyb is almost dead.
Ijyb hits you with a +0 dagger.
* * * LOW HITPOINT WARNING * * *
Ijyb hits you but does no damage.
Throw: 2 large rocks
Press: ? - help, Q - select action, (/) - cycle Shift-Dir - straight line, f/p - Ijyb
Aim: Ijyb, wielding a +0 dagger, wearing a +3 leather armour of poison resistance and carrying a wand of flame (6) (almost dead, 55% to hit)
You throw a large rock.
The large rock hits Ijyb but does no damage.
Ijyb is almost dead.
Ijyb zaps a wand.
The puff of flame hits you!
You die...

** #.........# *
,+....(....+ , *
* .........*
**)...... ,* *
..... * * * * *
... #. * #'#* #.
* , #g# #.,,
###@######.. *
#........... ,
**####....###.#..
* .........##.##
,, * * ,
####.........##,
* #.#.####...#*,
* ** #.#.#
#.#..).# *
#.#.####.###### *
#...)....#


You could see Ijyb.

Vanquished Creatures
  A jelly (D:3)
  A gnoll shaman (D:3)
  An iguana (D:4)
  Robin (D:2)
  4 adders
  4 gnolls
  2 dart slugs
  An orc (D:3)
  4 ball pythons
  4 endoplasms
  14 goblins
  6 hobgoblins
  7 jackals
  6 kobolds
  2 quokkas (D:1)
  4 bats
  2 frilled lizards (D:1)
  3 rats
67 creatures vanquished.

Vanquished Creatures (others)
  5 toadstools (D:1)
5 creatures vanquished.

Grand Total: 72 creatures vanquished

Notes
Turn   | Place    | Note
-------+----------+-------------------------------------------
     0 | D:1      | shoop the Ogre Hunter began the quest for the Orb.
     0 | D:1      | Reached XP level 1. HP: 22/22 MP: 1/1
   144 | D:1      | Found a faded altar of an unknown god.
   152 | D:1      | Became a worshipper of Ashenzari the Shackled
   388 | D:1      | Reached XP level 2. HP: 31/31 MP: 2/2
   796 | D:1      | Reached XP level 3. HP: 33/37 MP: 3/3
   996 | D:2      | Found Vat Odeo's Armour Shoppe.
  1054 | D:2      | Reached * piety under Ashenzari
  1125 | D:2      | Noticed Robin
  1166 | D:2      | Killed Robin
  1169 | D:2      | Reached skill level 5 in Throwing
  1176 | D:2      | Reached XP level 4. HP: 15/49 MP: 4/4
  1584 | D:2      | Noticed Terence
  2110 | D:3      | Found Xiblux's Armour Shop.
  2118 | D:3      | Bought a +0 cloak for 58 gold pieces
  2123 | D:3      | Reached ** piety under Ashenzari
  2298 | D:3      | Reached XP level 5. HP: 8/59 MP: 5/5
  2965 | D:4      | Found Unoawanasu's Jewellery Boutique.
  3245 | D:3      | Reached skill level 6 in Throwing
  3474 | D:4      | Reached skill level 5 in Fighting
  3700 | D:4      | Noticed Ijyb
  3711 | D:4      | Reached XP level 6. HP: 54/68 MP: 6/6
  3731 | D:4      | HP: 3/68 [Ijyb/+0 dagger (4)]
  3732 | D:4      | Killed from afar by Ijyb

Illustrated notes

Levels and vault maps discovered:
D:1:      wander_arrival_abandoned_jail, layout_basic,
          shapermc_ecumenical_altar_venn, minmay_gold_behind_fungi
D:2:      layout_rooms, serial_shops, nicolae_shop_crystal, st_stairs_13,
          nrook_mini_vaults, grunt_decor_cap, uniq_terence, uniq_robin
D:3:      layout_rooms, serial_shops, nicolae_shop_crystal
D:4:      layout_loops_corners, lemuel_round_altar, trog_book,
          minmay_temple_entry_tees, serial_shops, shop_statue, uniq_ijyb,
          uniq_menkaure, uniq_natasha, uniq_grinder

Skill      XL: |  1  2  3  4  5 |
---------------+----------------+-----
Fighting       | 3 4 5 |  5.1
Throwing       | 5 6 |  6.3
Dodging        | |  1.7
Stealth        | |  0.6

Action                   |  1- 3 |  4- 6 || total
-------------------------+-------+-------++-------
Melee: Dagger            |    89 |   173 ||   262
       Short sword       |     5 |       ||     5
Throw: Large rock        |       |     5 ||     5
       Throwing net      |       |     2 ||     2
Invok: Curse Item        |     2 |     1 ||     3
  Use: Potion            |     1 |       ||     1
 Stab: Sleeping          |     1 |       ||     1
Armor: Robe              |    27 |    31 ||    58
Dodge: Dodged            |    37 |    64 ||   101

Table legend: (Time is in decaauts)
 A = Elapsed time spent in this place.
 B = Non-inter-level travel time spent in this place.
 C = Inter-level travel time spent in this place.
 D = Time resting spent in this place.
 E = Time spent auto-exploring this place.
 F = Levels seen in this place.
 G = Mean time per level.
                   A        B        C        D        E       F      G
               +--------+--------+--------+--------+--------+-----+--------+
         Total |   3750 |   3662 |     88 |    936 |   2140 |   4 |  937.5 |
       Dungeon |   3750 |   3662 |     88 |    936 |   2140 |   4 |  937.5 |
               +--------+--------+--------+--------+--------+-----+--------+

Top non-repeatable levels by time:
     D:3: 1366 daAuts
     D:2: 1071 daAuts
     D:1: 996 daAuts
     D:4: 317 daAuts
